 Dungeon Sprint DCSS version 0.24-a0-250-g6074511092 (webtiles) character file.

Game seed: 4787604627602111039

13900000 Redear the Conqueror (level 27, -20/316 (323) HPs)
             Began as a Demonspawn Warper on Apr 15, 2019.
             Was the Champion of Makhleb.
             Killed by the air
             ... invoked by a tyrant
              (52 damage)
             ... in the Dungeon (Sprint VIII: "Arena of Blood").
             The game lasted 00:03:23 (139 turns).

Redear the Conqueror (Demonspawn Warper)             Turns: 139, Time: 00:03:24

HP:   -20/316 (323) AC: 10    Str: 13    XL:     27
MP:   39/54         EV: 36    Int: 15    God:    Makhleb [******]
Gold: 0             SH:  0    Dex: 24    Spells: 80/80 levels left

rFire    . . .     SeeInvis +   c - +∞ Axe of Woe
rCold    + . .     Gourm    .   (shield currently unavailable)
rNeg     . . .     Faith    .   b - +0 leather armour
rPois    +         Spirit   .   (helmet unavailable)
rElec    .         Reflect  .   (no cloak)
rCorr    .         Harm     .   (no gloves)
MR       ++...     NoTele   +   (no boots)
Stlth    ++++++++++             (no amulet)
HPRegen  0.00/turn              (no ring)
MPRegen  0.34/turn              (no ring)

@: non-regenerating, mildly diseased
A: antennae 3, slimy green scales 3, cold resistance 1, icemail, nightstalker 3,
robust 3, freezing cloud immunity
a: Minor Destruction, Lesser Servant of Makhleb, Major Destruction, Greater
Servant of Makhleb, Renounce Religion


You were in the Dungeon.
You worshipped Makhleb.
Makhleb was exalted by your worship.
You were not hungry.

You visited 1 branch

Inventory:

Hand Weapons
 a - a +0 hand axe
 c - the +∞ Axe of Woe (weapon)
   (You found it in the Dungeon)
Missiles
 e - 5 tomahawks of dispersal (quivered)
Armour
 b - a +0 leather armour (worn)
Jewellery
 s - an uncursed ring of see invisible {SInv}
Scrolls
 B - 2 scrolls of blinking
Potions
 h - a potion of heal wounds {@q1}
 j - 2 potions of magic
 k - a potion of berserk rage
 H - a potion of haste {@q5}
 Q - a potion of curing {@q2}
Comestibles
 z - a ration


   Skills:
 O Level 27 Fighting
 O Level 27 Axes
 O Level 27 Throwing
 O Level 27 Armour
 O Level 27 Dodging
 O Level 27 Stealth
 O Level 27 Unarmed Combat
 O Level 27 Spellcasting
   Level 2.6 Translocations
 O Level 27 Invocations


You had 80 spell levels left.
You didn't know any spells.
Your spell library contained the following spells:

 Spells                   Type           Power        Failure   Level  Hunger
 Blink                    Tloc           N/A          1%          2    None
 Shroud of Golubria       Chrm/Tloc      ###.......   1%          2    None
 Gell's Gravitas          Tloc           ####......   1%          3    None
 Lesser Beckoning         Tloc           ####......   1%          3    None
 Teleport Other           Tloc           ####....     1%          3    None
 Passage of Golubria      Tloc           N/A          6%          4    None


Dungeon Overview and Level Annotations

Branches:
Dungeon (1/1)

Altars:
Makhleb


Innate Abilities, Weirdness & Mutations

You have a pair of large antennae on your head. (SInv)
You are completely covered in slimy green scales. (AC +4, rPois)
Your flesh is cold resistant. (rC+)
A meltable icy envelope protects you from harm. (AC +0)
You are completely attuned to the shadows.
You are extremely robust. (+30% HP)
You are immune to freezing clouds.


Message History

You slice the bag of meat!!
You hew the bag of meat savagely.
You kill the bag of meat!
Makhleb accepts your kill.
You feel better.
The tyrant is engulfed in blazing flames.
The tyrant waves its bony arms in wide circles.
The air twists around and strikes you!
* * * LOW HITPOINT WARNING * * *
You hear a shout! x3
The eight-headed meat hydra calls on the powers of darkness!
The eight-headed meat hydra convulses!
Your body is wracked with pain!
* * * LOW HITPOINT WARNING * * *
You hear a shout! x2
You regained 3 hp, and now have 32/316 hp.
Unknown command.
You hear a shout! x2
The tyrant is engulfed in blazing flames.
The tyrant waves its bony arms in wide circles.
The air twists around and strikes you!
You die...

############
####....°.°....
####{...{.).§.)...
####....)....)##○##.#
###.....).)..)))){{.o..
..%..%)))####....°##.##
..%...))#..............
...§§§)..#.{.....)).#.#
{..°L○)@.D#..{...).o...
...§###...#...).))..o.{
.{## {.....#...))...{.{
{ {{ ...)).).......o.{o
{{{ #{.).)..........{{
{{ {#.{§)....#....{{{
{{{{{{.○#.)...#....{.{
.#.....L###.... {. {
........{.§°°###..


You could see a tyrant and an eight-headed meat hydra.

Vanquished Creatures
  A hell knight (D)
  3 hell beasts (D)
  6 greater mummies (D)
  A great orb of eyes (D)
  3 wraiths (D)
  9 vampire knights (D)
  30 ogres (D)
  6 two-headed ogres (D)
  3 liches (D)
  A hydra (D)
  74 orcs (D)
  2 phantoms (D)
  4 skeletal warriors (D)
  5 small abominations (D)
  2 large abominations (D)
  2 crawling corpses (D)
152 creatures vanquished.

Vanquished Creatures (others)
  A crawling corpse (D)
1 creature vanquished.

Grand Total: 153 creatures vanquished

Notes
Turn   | Place    | Note
-------+----------+-------------------------------------------
     0 | D        | Found the +∞ Axe of Woe
     0 | D        | Redear the Demonspawn Warper began the quest for the Orb.
     0 | D        | Reached XP level 1. HP: 16/16 MP: 3/3
     3 | D        | Became a worshipper of Makhleb the Destroyer
     5 | D        | Noticed a bag of meat
     5 | D        | Noticed a bag of meat
     5 | D        | Noticed a bag of meat
     6 | D        | Noticed a bag of meat
     6 | D        | Noticed a meat berserker
     6 | D        | Noticed a bag of meat
     6 | D        | Noticed a bag of meat
     7 | D        | Noticed a meat berserker
     9 | D        | Killed a meat berserker
     9 | D        | Reached skill level 12 in Fighting
     9 | D        | Reached skill level 11 in Axes
     9 | D        | Reached skill level 11 in Throwing
     9 | D        | Reached skill level 11 in Armour
     9 | D        | Reached skill level 11 in Dodging
     9 | D        | Reached skill level 12 in Stealth
     9 | D        | Reached skill level 11 in Unarmed Combat
     9 | D        | Reached skill level 11 in Spellcasting
     9 | D        | Gained mutation: You are partially covered in slimy green
                  | scales. (AC +2) [demonic ancestry]
     9 | D        | Reached XP level 2. HP: 39/39 MP: 3/14
     9 | D        | Reached XP level 3. HP: 45/45 MP: 3/16
     9 | D        | Reached XP level 4. HP: 52/52 MP: 3/17
     9 | D        | Reached XP level 5. HP: 58/58 MP: 3/19
     9 | D        | Gained mutation: You are slightly more attuned to the
                  | shadows. [demonic ancestry]
     9 | D        | Reached XP level 6. HP: 65/65 MP: 3/20
     9 | D        | Gained mutation: You have a pair of small antennae on your
                  | head. [demonic ancestry]
     9 | D        | Reached XP level 7. HP: 71/71 MP: 3/22
     9 | D        | Gained mutation: Your flesh is cold resistant. (rC+)
                  | [demonic ancestry]
     9 | D        | Reached XP level 8. HP: 78/78 MP: 3/23
     9 | D        | Gained mutation: You have a pair of antennae on your head.
                  | [demonic ancestry]
     9 | D        | Reached XP level 9. HP: 83/83 MP: 3/24
     9 | D        | Reached XP level 10. HP: 90/90 MP: 3/25
     9 | D        | Reached XP level 11. HP: 96/96 MP: 3/26
     9 | D        | Gained mutation: You have a pair of large antennae on your
                  | head. (SInv) [demonic ancestry]
     9 | D        | Reached XP level 12. HP: 103/103 MP: 3/27
     9 | D        | Gained mutation: You are significantly more attuned to the
                  | shadows. [demonic ancestry]
     9 | D        | Reached XP level 13. HP: 109/109 MP: 3/28
     9 | D        | Noticed a bag of meat
    10 | D        | Killed a meat berserker
    10 | D        | Reached * piety under Makhleb
    10 | D        | Reached skill level 14 in Fighting
    10 | D        | Reached skill level 13 in Axes
    10 | D        | Reached skill level 13 in Throwing
    10 | D        | Reached skill level 13 in Armour
    10 | D        | Reached skill level 13 in Dodging
    10 | D        | Reached skill level 14 in Stealth
    10 | D        | Reached skill level 13 in Unarmed Combat
    10 | D        | Reached skill level 13 in Spellcasting
    10 | D        | Reached XP level 14. HP: 121/121 MP: 3/31
    11 | D        | Killed a bag of meat
    11 | D        | Reached skill level 15 in Fighting
    11 | D        | Reached skill level 14 in Axes
    11 | D        | Reached skill level 14 in Throwing
    11 | D        | Reached skill level 14 in Armour
    11 | D        | Reached skill level 14 in Dodging
    11 | D        | Reached skill level 15 in Stealth
    11 | D        | Reached skill level 14 in Unarmed Combat
    11 | D        | Reached skill level 14 in Spellcasting
    12 | D        | Killed a bag of meat
    12 | D        | Reached skill level 15 in Dodging
    12 | D        | Reached XP level 15. HP: 130/130 MP: 4/33
    12 | D        | Noticed a meat berserker
    13 | D        | Reached ** piety under Makhleb
    13 | D        | Reached skill level 16 in Fighting
    13 | D        | Reached skill level 15 in Axes
    13 | D        | Reached skill level 15 in Throwing
    13 | D        | Reached skill level 15 in Armour
    13 | D        | Reached skill level 16 in Stealth
    13 | D        | Reached skill level 15 in Unarmed Combat
    13 | D        | Reached skill level 15 in Spellcasting
    14 | D        | Killed a meat berserker
    14 | D        | Reached skill level 17 in Fighting
    14 | D        | Reached skill level 16 in Axes
    14 | D        | Reached skill level 16 in Throwing
    14 | D        | Reached skill level 16 in Armour
    14 | D        | Reached skill level 16 in Dodging
    14 | D        | Reached skill level 17 in Stealth
    14 | D        | Reached skill level 16 in Unarmed Combat
    14 | D        | Reached skill level 16 in Spellcasting
    14 | D        | Reached XP level 16. HP: 143/143 MP: 4/36
    14 | D        | Reached skill level 18 in Fighting
    14 | D        | Reached skill level 17 in Axes
    14 | D        | Reached skill level 17 in Throwing
    14 | D        | Reached skill level 17 in Armour
    14 | D        | Reached skill level 17 in Dodging
    14 | D        | Reached skill level 18 in Stealth
    14 | D        | Reached skill level 17 in Unarmed Combat
    14 | D        | Reached skill level 17 in Spellcasting
    14 | D        | Reached *** piety under Makhleb
    15 | D        | Reached skill level 19 in Fighting
    15 | D        | Reached skill level 18 in Axes
    15 | D        | Reached skill level 18 in Armour
    15 | D        | Reached skill level 18 in Dodging
    15 | D        | Reached skill level 19 in Stealth
    15 | D        | Reached skill level 18 in Spellcasting
    15 | D        | Gained mutation: You are robust. (+10% HP) [demonic
                  | ancestry]
    15 | D        | Reached XP level 17. HP: 147/168 MP: 4/39
    16 | D        | Reached skill level 18 in Throwing
    16 | D        | Reached skill level 18 in Unarmed Combat
    16 | D        | Noticed a meat berserker
    17 | D        | Noticed a meat berserker
    19 | D        | Noticed a large bag of meat
    20 | D        | Killed a meat berserker
    20 | D        | Reached **** piety under Makhleb
    20 | D        | Reached skill level 20 in Fighting
    20 | D        | Reached skill level 19 in Axes
    20 | D        | Reached skill level 19 in Throwing
    20 | D        | Reached skill level 19 in Armour
    20 | D        | Reached skill level 19 in Dodging
    20 | D        | Reached skill level 20 in Stealth
    20 | D        | Reached skill level 19 in Unarmed Combat
    20 | D        | Reached skill level 19 in Spellcasting
    20 | D        | Killed a meat berserker
    20 | D        | Reached skill level 21 in Fighting
    20 | D        | Reached skill level 20 in Axes
    20 | D        | Reached skill level 20 in Throwing
    20 | D        | Reached skill level 20 in Armour
    20 | D        | Reached skill level 20 in Dodging
    20 | D        | Reached skill level 21 in Stealth
    20 | D        | Reached skill level 20 in Unarmed Combat
    20 | D        | Reached skill level 20 in Spellcasting
    20 | D        | Gained mutation: You are mostly covered in slimy green
                  | scales. (AC +3) [demonic ancestry]
    20 | D        | Reached XP level 18. HP: 114/182 MP: 6/42
    20 | D        | Reached skill level 22 in Fighting
    21 | D        | Noticed a destroyer
    21 | D        | Reached skill level 21 in Dodging
    21 | D        | Reached skill level 22 in Stealth
    21 | D        | Reached ***** piety under Makhleb
    21 | D        | Reached skill level 21 in Axes
    21 | D        | Reached skill level 21 in Throwing
    21 | D        | Reached skill level 21 in Armour
    21 | D        | Reached skill level 21 in Unarmed Combat
    21 | D        | Reached skill level 21 in Spellcasting
    21 | D        | Gained mutation: You are immune to freezing clouds.
                  | [demonic ancestry]
    21 | D        | Reached XP level 19. HP: 193/193 MP: 6/44
    21 | D        | Noticed a meat berserker
    22 | D        | Killed a destroyer
    22 | D        | Reached skill level 23 in Fighting
    22 | D        | Reached skill level 22 in Axes
    22 | D        | Reached skill level 22 in Throwing
    22 | D        | Reached skill level 22 in Armour
    22 | D        | Reached skill level 22 in Dodging
    22 | D        | Reached skill level 23 in Stealth
    22 | D        | Reached skill level 22 in Unarmed Combat
    22 | D        | Reached skill level 22 in Spellcasting
    22 | D        | Reached skill level 24 in Fighting
    22 | D        | Reached skill level 24 in Stealth
    22 | D        | Noticed a destroyer
    23 | D        | Noticed a destroyer
    23 | D        | Noticed a destroyer
    24 | D        | Killed a meat berserker
    24 | D        | Reached skill level 23 in Axes
    24 | D        | Reached skill level 23 in Throwing
    24 | D        | Reached skill level 23 in Armour
    24 | D        | Reached skill level 23 in Dodging
    24 | D        | Reached skill level 23 in Unarmed Combat
    24 | D        | Reached skill level 23 in Spellcasting
    24 | D        | Reached XP level 20. HP: 209/209 MP: 7/47
    24 | D        | Noticed a meat berserker
    25 | D        | Killed a destroyer
    25 | D        | Reached skill level 25 in Fighting
    25 | D        | Reached skill level 24 in Armour
    25 | D        | Reached skill level 24 in Dodging
    25 | D        | Reached skill level 25 in Stealth
    26 | D        | Killed a large bag of meat
    26 | D        | Reached skill level 26 in Fighting
    26 | D        | Reached skill level 24 in Axes
    26 | D        | Reached skill level 24 in Throwing
    26 | D        | Reached skill level 26 in Stealth
    26 | D        | Reached skill level 24 in Unarmed Combat
    26 | D        | Reached skill level 24 in Spellcasting
    27 | D        | Killed a destroyer
    27 | D        | Reached ****** piety under Makhleb
    27 | D        | Reached skill level 27 in Fighting
    27 | D        | Reached skill level 25 in Axes
    27 | D        | Reached skill level 25 in Throwing
    27 | D        | Reached skill level 25 in Armour
    27 | D        | Reached skill level 25 in Dodging
    27 | D        | Reached skill level 25 in Unarmed Combat
    27 | D        | Reached skill level 25 in Spellcasting
    27 | D        | Gained mutation: A meltable icy envelope protects you from
                  | harm. (AC +0) [demonic ancestry]
    27 | D        | Reached XP level 21. HP: 212/224 MP: 8/50
    27 | D        | Killed a destroyer
    27 | D        | Reached skill level 26 in Axes
    27 | D        | Reached skill level 26 in Throwing
    27 | D        | Reached skill level 26 in Armour
    27 | D        | Reached skill level 26 in Dodging
    27 | D        | Reached skill level 27 in Stealth
    27 | D        | Reached skill level 26 in Unarmed Combat
    27 | D        | Reached skill level 26 in Spellcasting
    28 | D        | Reached XP level 22. HP: 233/233 MP: 8/52
    29 | D        | Reached skill level 27 in Axes
    29 | D        | Reached skill level 27 in Throwing
    29 | D        | Reached skill level 27 in Armour
    29 | D        | Reached skill level 27 in Dodging
    29 | D        | Reached skill level 27 in Unarmed Combat
    29 | D        | Reached skill level 27 in Spellcasting
    29 | D        | Reached skill level 13 in Invocations
    31 | D        | Reached skill level 21 in Invocations
    31 | D        | Reached skill level 26 in Invocations
    32 | D        | Reached skill level 27 in Invocations
    33 | D        | Gained mutation: You are very robust. (+20% HP) [demonic
                  | ancestry]
    33 | D        | Reached XP level 23. HP: 233/262 MP: 9/54
    37 | D        | Noticed a destroyer
    37 | D        | Noticed a large bag of meat
    38 | D        | Noticed a destroyer
    40 | D        | Killed a large bag of meat
    42 | D        | Gained mutation: You are completely attuned to the shadows.
                  | [demonic ancestry]
    42 | D        | Reached XP level 24. HP: 265/272 MP: 12/54
    46 | D        | Gained mutation: You are extremely robust. (+30% HP)
                  | [demonic ancestry]
    46 | D        | Reached XP level 25. HP: 272/304 MP: 13/54
    46 | D        | Killed a destroyer
    47 | D        | Gained mutation: You are completely covered in slimy green
                  | scales. (AC +4, rPois) [demonic ancestry]
    47 | D        | Reached XP level 26. HP: 314/314 MP: 13/54
    48 | D        | Noticed an accursed
    51 | D        | Noticed an accursed
    52 | D        | Killed an accursed
    52 | D        | Reached XP level 27. HP: 323/323 MP: 14/54
    52 | D        | Killed an accursed
    53 | D        | Noticed an accursed
    54 | D        | Killed an accursed
    56 | D        | Noticed a tyrant
    57 | D        | Noticed a tyrant
    61 | D        | Noticed a meat beast
    62 | D        | Killed a tyrant
    63 | D        | Killed a meat beast
    64 | D        | Noticed a destroyer
    64 | D        | Noticed a large bag of meat
    66 | D        | Noticed a large bag of meat
    72 | D        | Killed a large bag of meat
    78 | D        | Noticed a dread
    78 | D        | Noticed a meat beast
    78 | D        | Noticed a tyrant
    79 | D        | Killed a large bag of meat
    79 | D        | Killed a meat beast
    81 | D        | Noticed a dread
    82 | D        | Killed a tyrant
    82 | D        | Killed a destroyer
    84 | D        | Killed a dread
    84 | D        | Noticed a dread
    88 | D        | Killed a dread
    94 | D        | Noticed a destroyer
    95 | D        | Noticed an accursed
    95 | D        | Noticed a destroyer
    98 | D        | Killed an accursed
    98 | D        | Killed a destroyer
   100 | D        | Killed a destroyer
   101 | D        | Killed a dread
   102 | D        | Noticed an accursed
   104 | D        | Killed an accursed
   117 | D        | Noticed a tyrant
   119 | D        | Noticed a meat beast
   120 | D        | Noticed a large bag of meat
   121 | D        | Killed a destroyer
   122 | D        | Killed a meat beast
   126 | D        | Killed a tyrant
   127 | D        | Noticed a fleshlord
   127 | D        | Killed a fleshlord
   127 | D        | Killed a large bag of meat
   127 | D        | Noticed a large bag of meat
   128 | D        | Noticed an accursed
   130 | D        | Noticed a tyrant
   132 | D        | HP: 24/319 [accursed/divine providence (10)]
   134 | D        | Killed an accursed
   135 | D        | Killed a large bag of meat
   137 | D        | HP: 29/316 [??? (26)]
   139 | D        | Killed from afar by a tyrant

Levels and vault maps discovered:
D:        meatsprint

Skill      XL: |  1  2  3  4  5  6  7  8  9 10 11 12 13 14 15 16 17 18 19 20 21 22 |
---------------+-------------------------------------------------------------------+-----
Fighting       | 12 14 15 17 19 21 22 24 27 | 27.0
Axes           | 11 13 14 16 18 20 21 23 25 26 27 | 27.0
Throwing       | 11 13 14 16 17 20 21 23 25 26 27 | 27.0
Armour         | 11 13 14 16 18 20 21 23 25 26 27 | 27.0
Dodging        | 11 13 15 16 18 20 21 23 25 26 27 | 27.0
Stealth        | 12 14 15 17 19 21 22 24 26 27 | 27.0
Unarmed Combat | 11 13 14 16 17 20 21 23 25 26 27 | 27.0
Spellcasting   | 11 13 14 16 18 20 21 23 25 26 27 | 27.0
Invocations    | 27 | 27.0
Translocations | |  2.6

Action                   |  1- 3 |  4- 6 |  7- 9 | 10-12 | 13-15 | 16-18 | 19-21 | 22-24 | 25-27 || total
-------------------------+-------+-------+-------+-------+-------+-------+-------+-------+-------++-------
Melee: Executioner's axe |     1 |       |       |       |     5 |     4 |     6 |    12 |    57 ||    85
 Stab: Distracted        |       |       |       |       |       |       |       |       |     2 ||     2
Armor: Leather armour    |       |       |       |       |       |       |       |       |     2 ||     2
Dodge: Dodged            |       |       |       |       |     2 |       |     1 |     1 |     3 ||     7

Table legend:
 A = Non-vault XP
 B = Vault XP
 C = Vault XP percentage of total XP
 D = Non-vault monster count
 E = Vault monster count
 F = Vault count percentage of total count
                 A         B        C        D         E       F
            +---------+---------+-------+---------+---------+-------
      Total | 2895122 | 1492137 |  34.0 |      71 |      78 |  52.3
            +---------+---------+-------+---------+---------+-------
          D | 2895122 | 1492137 |  34.0 |      71 |      78 |  52.3
            +---------+---------+-------+---------+---------+-------
